AoeStats
← hadibaaayım

Black Forest

510293189Analyzed
2v2 RM · 1d ago on Sep 30, 2026· 51m 12s· 4 players
Game mode
Random Map
Map size
Medium (4 player)
Population
200
Speed
Normal
Resources
Standard
Victory
Conquest
Starting age
Dark Age
Ending age
Imperial Age
RankedLock teamsTeams togetherTeam positionsShared explorationLock speedFull tech treeHidden civsTurbo modeCheats
Victory
Defeat
🇭🇰 Danes · Hong Kong SAR China
1196
+15
🇹🇷 Franks · Türkiye
1149
+17
🇮🇩 Franks · Indonesia
1180
-16
🇨🇳 Saxons · China
1178
-16
timerunner
1:06 Loom
11:34 Feudal Age
12:29 Double-Bit Axe
12:28 Horse Collar
19:11 Castle Age
17:38 Gold Mining
17:41 Stone Mining
17:56 Gold Mining
21:55 Bow Saw
22:24 Wheelbarrow
23:54 Heavy Plow
24:29 Town Watch
30:22 Imperial Age
29:14 Ballistics
30:27 Fletching
30:37 Padded Archer Armor
30:38 Scale Mail Armor
30:48 Forging
31:02 Bloodlines
30:52 Husbandry
31:06 Gambesons
31:22 Squires
32:54 Conscription
32:59 Conscription
32:21 Heavy Mounted Crossbowman
32:29 Elite Varangian Guard
33:19 Thumb Ring
32:35 Cranequins
33:34 Chain Mail Armor
33:48 Arson
34:54 Iron Casting
35:27 Bodkin Arrow
36:57 Chemistry
36:19 Caravan
37:44 Siege Engineers
37:30 Heavy Mounted Crossbowman
38:14 Bracer
38:30 Leather Archer Armor
38:46 Plate Mail Armor
38:35 Leather Archer Armor
41:02 Shield Wall
41:08 Shield Wall
44:01 Capped Ram
45:30 Siege Ram
46:07 Elite Hearth Troop
49:46 Ring Archer Armor
Momo
12:47 Feudal Age
11:15 Loom
15:42 Double-Bit Axe
18:03 Castle Age
23:04 Wheelbarrow
24:26 Hand Cart
30:30 Imperial Age
27:46 Town Watch
28:38 Caravan
29:18 Forging
29:13 Scale Barding Armor
29:16 Town Patrol
29:42 Husbandry
29:47 Scale Mail Armor
30:03 Gold Mining
31:48 Cavalier
33:27 Conscription
33:51 Squires
33:37 Gambesons
35:05 Chemistry
34:02 Elite Skirmisher
36:07 Masonry
41:47 Chain Mail Armor
42:08 Iron Casting
41:23 Paladin
43:02 Chain Barding Armor
45:30 Plate Barding Armor
46:38 Blast Furnace
46:10 Chivalry
47:17 Elite Throwing Axeman
49:57 Plate Mail Armor
Dragerwoods
0:48 Loom
12:03 Feudal Age
12:56 Double-Bit Axe
16:12 Castle Age
14:27 Horse Collar
14:57 Gold Mining
16:48 Wheelbarrow
17:06 Bow Saw
21:02 Town Watch
23:32 Heavy Plow
25:11 Forging
28:12 Imperial Age
26:35 Gold Shaft Mining
25:50 Stone Mining
25:58 Pikeman
26:39 Squires
27:16 Iron Casting
26:41 Scale Mail Armor
26:47 Gambesons
29:01 Chain Mail Armor
29:29 Conscription
28:36 Halberdier
30:21 Chemistry
28:50 Hamask
29:27 Arson
29:45 Onager
31:32 Ballistics
32:31 Blast Furnace
32:01 Plate Mail Armor
31:48 Northmen's Fury
33:16 Siege Engineers
33:54 Plate Mail Armor
34:15 Siege Onager
35:40 Masonry
37:47 Fletching
37:58 Padded Archer Armor
37:59 Murder Holes
41:54 Capped Ram
42:58 Siege Ram
46:01 Hand Cart
46:55 Elite Jomsviking
hadibaaayım
2:11 Loom
13:34 Feudal Age
18:15 Castle Age
16:39 Gold Mining
18:52 Double-Bit Axe
19:59 Bow Saw
30:47 Imperial Age
29:16 Forging
29:13 Ordonnance Companies
32:03 Wheelbarrow
31:13 Town Watch
32:06 Conscription
32:19 Caravan
32:50 Coinage
35:47 Banking
38:02 Hoardings
37:14 Treadmill Crane
37:30 Murder Holes
38:37 Chemistry
38:19 Hand Cart
38:05 Town Patrol
37:50 Elite Throwing Axeman
40:12 Ballistics
40:03 Fortified Wall
39:19 Cavalier
40:01 Husbandry
40:08 Light Cavalry
40:42 Paladin
42:31 Iron Casting
42:02 Scale Barding Armor
43:22 Siege Engineers
43:28 Masonry
45:12 Gold Shaft Mining
44:28 Stone Mining
44:28 Arrowslits
44:34 Guard Tower
46:42 Blast Furnace
46:04 Chain Barding Armor
48:55 Chivalry
Connection lost

Rejoining the realm…

Still unreachable

The connection could not be restored.

Session expired

The server has moved on; the page needs a fresh start.